 Dungeon Crawl Stone Soup version 0.27-a0-1358-ga0a28fc8c3 (webtiles) character file.

Game seed: 6800551614084553671

613 Delamore the Covert (level 7, 0/75 HPs)
             Began as an Octopode Brigand on June 28, 2021.
             Slain by a hound (5 damage)
             ... on level 5 of the Dungeon.
             The game lasted 00:02:45 (2581 turns).

Delamore the Covert (Octopode Brigand)              Turns: 2581, Time: 00:02:46

Health: 0/75       AC:  1    Str: 10    XL:     7   Next: 44%
Magic:  7/7        EV: 12    Int: 12    God:
Gold:   82         SH:  0    Dex: 13    Spells: 6/6 levels left

rFire    . . .     SeeInvis .   a - +3 dagger
rCold    . . .     Faith    .   (no shield)
rNeg     . . .     Spirit   .   (helmet restricted)
rPois    .         Reflect  .   (no amulet)
rElec    .         Harm     .   (no ring)
rCorr    .         Rampage  .   (no ring)
Will     .....                  (no ring)
Stlth    ..........             (no ring)
HPRegen  0.22/turn              (no ring)
MPRegen  0.10/turn              (no ring)
                                (no ring)
                                (no ring)

@: berserking, studying Fighting, very quick
A: almost no armour, amphibious, 8 rings, camouflage 1, gelatinous body 1,
(nimble swimmer 1), tentacles, antennae 1, clumsy 1, dopey 1, wild magic 1
a: no special abilities


You were on level 5 of the Dungeon.
You visited 2 branches of the dungeon, and saw 6 of its levels.

You collected 82 gold pieces.

Inventory:

Hand Weapons
 a - a +3 dagger (weapon)
Missiles
 b - 16 poisoned darts (quivered)
 c - 4 curare-tipped darts
Armour
 i - a +2 kite shield of reflection
Scrolls
 d - a scroll of enchant armour
 h - a scroll of teleportation
 l - a scroll of fog {unknown}
Potions
 e - 2 potions of berserk rage
 f - a potion of attraction {unknown}
 g - 2 potions of flight {unknown}
 j - a potion of curing {unknown}
 k - a potion of mutation
 m - a potion of invisibility {unknown}


   Skills:
 - Level 5.0 Fighting
 + Level 5.3 Short Blades
 - Level 2.0 Throwing
 - Level 1.0 Dodging
 + Level 8.9 Stealth


You had 6 spell levels left.
You didn't know any spells.
Your spell library was empty.

Dungeon Overview and Level Annotations

Branches:
Dungeon (6/15)             Temple (1/1) D:5

Altars:
Dithmenos
Elyvilon
Fedhas
Hepliaklqana
Kikubaaqudgha
Makhleb
Okawaru
Qazlal
Ru
Yredelemnul

Shops:
D:6 [


Innate Abilities, Weirdness & Mutations

You cannot wear most types of armour.
You are amphibious.
You can wear up to eight rings at the same time.
Your skin changes colour to match your surroundings (Stealth+).
Your rubbery body absorbs attacks. (AC +1, EV +1)
((You are camouflaged near water. (Stealth+)))
You have tentacles for arms and can constrict up to eight enemies at once.
You have a pair of small antennae on your head.
You are clumsy. (Dex -2)
You are dopey. (Int -2)
Your spells are a little harder to cast, but a little more powerful.


Message History

The hound is poisoned.
The hound barks!
Throw: 20 darts (poison)
Press: ? - help, Q - select action, (/) - cycle Shift-Dir - straight line, f/p - hound
Aim: a hound (poisoned, 51% to hit)
You throw a poisoned dart. The poisoned dart hits the hound.
The hound looks even sicker.
Throw: 19 darts (poison)
Press: ? - help, Q - select action, (/) - cycle Shift-Dir - straight line, f/p - hound
Aim: a hound (lightly wounded, very poisoned, 51% to hit)
You throw a poisoned dart. The poisoned dart misses the hound.
The hound pauses to sniff the ground.
Throw: 18 darts (poison)
Press: ? - help, Q - select action, (/) - cycle Shift-Dir - straight line, f/p - hound
Aim: a hound (lightly wounded, very poisoned, 51% to hit)
You throw a poisoned dart. The poisoned dart hits the hound.
The hound looks even sicker.
The hound is lightly wounded.
Throw: 17 darts (poison)
Press: ? - help, Q - select action, (/) - cycle Shift-Dir - straight line, f/p - hound
Aim: a hound (moderately wounded, very poisoned, 51% to hit)
You throw a poisoned dart. The poisoned dart hits the hound.
The hound is moderately wounded.
The hound bites you.
* * * LOW HITPOINT WARNING * * *
You hit the hound but do no damage. You grab the hound. You squeeze the hound.
The hound is moderately wounded.
You constrict the hound. The hound bites you.
* * * LOW HITPOINT WARNING * * *
It was a potion of mutation.
You feel extremely strange.
You feel clumsy.
You feel stupid.
You feel less in control of your magic. A pair of antennae grows on your head!
You constrict the hound, but do no damage.
The hound completely misses you. The hound bites you.
* * * LOW HITPOINT WARNING * * *
It was a potion of berserk rage.
A red film seems to cover your vision as you go berserk!
You feel yourself moving faster!
You feel mighty!
You constrict the hound. The hound bites you.
You die...

. ##..#.....#
####.#.#
####.(...#### ..
..........#######
.#
######.(......$.#
# ##.........#
#.........#
#...(>....#
#....h....#
#.....@...#
###########


You could see a hound (very poisoned).

Vanquished Creatures
  Sigmund (D:3)
  A necrophage (D:5)
  An ogre (D:5)
  A centaur (D:6)
  A bullfrog (D:5)
  A centaur skeleton (D:5)
  An iguana (D:3)
  3 adders
  5 dart slugs
  An orc (D:3)
  4 ball pythons
  3 endoplasms
  5 giant cockroaches
  5 goblins
  7 hobgoblins
  6 jackals
  3 kobolds
  2 quokkas (D:1)
  2 bats (D:2)
  3 frilled lizards
  4 rats
60 creatures vanquished.

Notes
Turn   | Place    | Note
-------+----------+-------------------------------------------
     0 | D:1      | Delamore the Octopode Brigand began the quest for the Orb.
     0 | D:1      | Reached XP level 1. HP: 14/14 MP: 1/1
    41 | D:1      | Found a faded altar of an unknown god.
    89 | D:1      | Reached XP level 2. HP: 19/19 MP: 2/2
   546 | D:1      | Reached XP level 3. HP: 21/25 MP: 3/3
   990 | D:2      | Reached skill level 6 in Stealth
  1250 | D:2      | Identified a scroll of acquirement
  1250 | D:2      | Acquired a +2 kite shield of reflection
  1405 | D:2      | Reached XP level 4. HP: 31/31 MP: 4/4
  1786 | D:3      | Noticed Sigmund
  1793 | D:3      | Killed Sigmund
  1794 | D:3      | Reached skill level 7 in Stealth
  1794 | D:3      | Reached XP level 5. HP: 38/38 MP: 5/5
  1794 | D:3      | Reached XP level 6. HP: 45/45 MP: 6/6
  2012 | D:3      | Reached skill level 5 in Fighting
  2235 | D:3      | Found a burning altar of Makhleb.
  2325 | D:3      | You fall into a shaft and drop 3 floors!
  2326 | D:6      | Found Dayfu's Antique Armour Boutique.
  2347 | D:5      | Entered Level 5 of the Dungeon
  2359 | D:5      | Reached skill level 8 in Stealth
  2361 | D:5      | Found a staircase to the Ecumenical Temple.
  2374 | Temple   | Entered the Ecumenical Temple
  2498 | D:5      | Noticed a necrophage
  2506 | D:5      | Reached XP level 7. HP: 32/50 MP: 7/7
  2512 | D:5      | Reached skill level 5 in Short Blades
  2580 | D:5      | Gained mutation: You are clumsy. (Dex -2) [potion of
                  | mutation]
  2580 | D:5      | Gained mutation: You are dopey. (Int -2) [potion of
                  | mutation]
  2580 | D:5      | Gained mutation: Your spells are a little harder to cast,
                  | but a little more powerful. [potion of mutation]
  2580 | D:5      | Gained mutation: You have a pair of small antennae on your
                  | head. [potion of mutation]
  2581 | D:5      | Slain by a hound

Illustrated notes

Levels and vault maps discovered:
D:1:      zelgadis_glass_arrival_small, layout_rooms,
          hellmonk_ecumenical_altar_run_dry
D:2:      layout_loops_ring, minmay_misc_feat_enclosed
D:3:      layout_loops_corners, grunt_temple_overflow_opulence,
          lightli_temple_of_fire, uniq_sigmund
D:5:      layout_rooms, minmay_temple_entry_slanted, gammafunk_ghost_grave,
          uniq_edmund
D:6:      layout_basic, serial_shops, shop_statue
Temple:   nicolae_temple_figure_zero

Skill      XL: |  1  2  3  4  5  6  7 |
---------------+----------------------+-----
Fighting       | 3 4 5 |  5.0
Stealth        | 6 7 8 |  8.9
Short Blades   | 3 4 5 |  5.3
Throwing       | |  2.0
Dodging        | |  1.0

Action                   |  1- 3 |  4- 6 |  7- 9 || total
-------------------------+-------+-------+-------++-------
Melee: Dagger            |    83 |    34 |    12 ||   129
       Constrict         |    25 |     3 |     4 ||    32
       Tentacles         |     9 |     5 |     5 ||    19
Throw: Dart              |       |     3 |     5 ||     8
  Use: Scroll            |     5 |     1 |       ||     6
       Potion            |       |       |     2 ||     2
 Stab: Sleeping          |     9 |    11 |       ||    20
Armor: Skin              |       |     1 |       ||     1
Dodge: Dodged            |    43 |    27 |     6 ||    76

Table legend: (Time is in decaauts)
 A = Elapsed time spent in this place.
 B = Non-inter-level travel time spent in this place.
 C = Inter-level travel time spent in this place.
 D = Time resting spent in this place.
 E = Time spent auto-exploring this place.
 F = Levels seen in this place.
 G = Mean time per level.
                   A        B        C        D        E       F      G
               +--------+--------+--------+--------+--------+-----+--------+
         Total |   2560 |   2514 |     46 |    280 |   1832 |   6 |  426.7 |
       Dungeon |   2436 |   2399 |     37 |    280 |   1719 |   5 |  487.2 |
        Temple |    123 |    114 |      9 |      0 |    113 |   1 |  123.0 |
               +--------+--------+--------+--------+--------+-----+--------+

Top non-repeatable levels by time:
     D:1: 975 daAuts
     D:2: 763 daAuts
     D:3: 571 daAuts
  Temple: 123 daAuts
     D:5: 105 daAuts
     D:6: 21 daAuts
